 Dungeon Crawl Stone Soup version 0.19.5 (webtiles) character file.

130 Azzok the Skirmisher (level 4, 0/44 HPs)
             Began as a Centaur Fighter on June 5, 2017.
             Killed by divine providence
             ... invoked by an orc priest
              (12 damage)
             ... on level 3 of the Dungeon.
             The game lasted 00:03:32 (2338 turns).

Azzok the Skirmisher (Centaur Fighter)              Turns: 2338, Time: 00:03:33

Health: 0/44       AC:  9    Str: 19    XL:     4   Next: 90%
Magic:  4/4        EV:  3    Int:  7    God:
Gold:   237        SH:  8    Dex:  9    Spells: 0 memorised, 3 levels left

rFire  . . .     SeeInvis .     j - +1 dagger (venom)
rCold  . . .     Gourm    .     y - +0 chain mail
rNeg   . . .     Faith    .     c - +0 shield
rPois  .         Spirit   .     e - +0 helmet
rElec  .         Reflect  .     A - +0 cloak
rCorr  .         Harm     .     (no gloves)
MR     +....                    (no barding)
Stlth  ..........               (no amulet)
                                (no ring)
                                k - ring of protection from magic

@: very quick
A: hooves 3, deformed body, speed 2, tough skin 3
a: no special abilities


You were on level 3 of the Dungeon.
You were hungry.

You visited 1 branch of the dungeon, and saw 3 of its levels.

You collected 237 gold pieces.

Inventory:

Hand Weapons
 a - a +0 long sword
 j - a +1 dagger of venom (weapon)
Missiles
 t - 14 arrows
Armour
 c - a +0 shield (worn)
 e - a +0 helmet (worn)
 y - a +0 chain mail (worn)
 A - a +0 cloak (worn)
Jewellery
 k - a ring of protection from magic (left hand)
Scrolls
 h - 2 scrolls of remove curse {unknown}
 l - 5 scrolls of identify {unknown}
 o - a scroll of amnesia {unknown}
 p - 4 scrolls of immolation {unknown}
 q - a scroll of enchant armour {unknown}
 s - a scroll of blinking {unknown}
 v - a scroll of enchant weapon {unknown}
Potions
 d - a potion of might
 i - a potion of ambrosia {unknown}
 m - a potion of haste
 r - a potion of curing {unknown}
 u - 3 potions of flight {unknown}
 w - 2 potions of brilliance {unknown}
 z - a potion of invisibility {unknown}
Comestibles
 b - a beef jerky
 f - a bread ration {@e1}
 g - a slice of pizza
 n - a meat ration {@e2}


   Skills:
 * Level 5.6 Fighting
 - Level 1.7 Long Blades
 - Level 2.1 Armour
 - Level 2.1 Shields


You had 3 spell levels left.
You didn't know any spells.

Dungeon Overview and Level Annotations

Branches:
Dungeon (3/15)

Altars:


Innate Abilities, Weirdness & Mutations

You have hooves in place of feet.
Armour fits poorly on your strangely shaped body.
You cover ground very quickly.
You have extremely tough skin. (AC +3)


Message History

You kill the orc!
The orc priest mumbles some strange prayers to Beogh against you.
Beogh smites you!
* * * LOW HITPOINT WARNING * * *
You take 14 damage, and have 11/44 hp.
MASSIVE DAMAGE!!
You closely miss the orc priest. Your kick misses the orc priest.
You hit the orc priest.
The orc priest is poisoned.
Your kick misses the orc priest.
The orc priest is lightly wounded.
The orc priest hits you but does no damage.
An orc comes into view. It is wielding a hand axe.
You hit the orc priest but do no damage.
The orc priest looks as sick as possible!
The orc priest is lightly wounded.
The orc priest casts a cantrip, but nothing happens.
You closely miss the orc priest. Your kick misses the orc priest.
The orc priest is moderately wounded.
The orc priest mumbles some strange prayers to Beogh against you.
Beogh smites you!
You die...

▒·▒▒▒▒▒·▒·····▒▒·
▒·▒ ▒·▒·▒▒▒·▒ ▒·▒
▒···▒ ▒·▒ ▒·▒
▒▒▒·▒▒▒·▒ ▒·▒
▒·····▒ ▒·▒
▒▒▒·▒▒▒ ▒·▒ ▒·▒
▒·▒ ▒)▒ ▒·▒ ▒@▒
▒·▒▒▒▒▒ ▒o▒
▒·····▒ ▒·▒
▒▒▒▒▒·▒ ▒·▒ ▒·▒
▒o▒ ▒·▒ ▒·· ▒▒▒▒▒
▒·▒ ▒▒▒ ▒)··▒ ▒·▒
▒·)·▒ ▒·▒ ▒···▒


You could see an orc priest and an orc.

Vanquished Creatures
  Crazy Yiuf (D:3)
  Jessica (D:3)
  2 adders
  2 dart slugs (D:1)
  A leopard gecko (D:2)
  2 orcs (D:3)
  2 giant cockroaches
  6 goblins
  3 hobgoblins
  6 jackals
  A quokka (D:2)
  A ball python (D:1)
  10 bats
  6 frilled lizards
  9 kobolds
  3 rats
56 creatures vanquished.

Notes
Turn   | Place    | Note
-------+----------+-------------------------------------------
     0 | D:1      | Azzok the Centaur Fighter began the quest for the Orb.
     0 | D:1      | Reached XP level 1. HP: 19/19 MP: 1/1
    84 | D:1      | Reached XP level 2. HP: 9/26 MP: 2/2
   518 | D:1      | Reached skill level 4 in Fighting
   725 | D:1      | Reached XP level 3. HP: 33/33 MP: 3/3
  1504 | D:3      | Reached XP level 4. HP: 27/41 MP: 4/4
  1786 | D:3      | Reached skill level 5 in Fighting
  1881 | D:3      | Found a runed door.
  1885 | D:3      | Noticed Crazy Yiuf
  1892 | D:3      | Killed Crazy Yiuf
  2041 | D:3      | Noticed Jessica
  2303 | D:3      | Killed Jessica
  2338 | D:3      | Killed from afar by an orc priest

Skill      XL: |  1  2  3  4 |
---------------+-------------+-----
Fighting       | 4 5 |  5.6
Long Blades    | |  1.7
Armour         | |  2.1
Shields        | |  2.1

Action                   |  1- 3 |  4- 6 || total
-------------------------+-------+-------++-------
Melee: Long sword        |    30 |       ||    30
       Kick              |    22 |     9 ||    31
       Dagger            |   103 |    38 ||   141
  Eat: Chunk             |     1 |     2 ||     3
Armor: Scale mail        |    46 |       ||    46
       Chain mail        |    15 |    19 ||    34
Dodge: Dodged            |    26 |     2 ||    28
Block: Shield            |    55 |    10 ||    65
       Rpst.: Long sword |     2 |       ||     2
